 Dungeon Crawl Stone Soup version 0.23-a0-451-g1044d4c (webtiles) character file.

146 galech the Skirmisher (level 5, -4/41 HPs)
             Began as a Demonspawn Fighter on Nov 22, 2018.
             Killed by divine providence
             ... invoked by an orc priest
              (9 damage)
             ... on level 3 of the Dungeon.
             The game lasted 00:02:56 (2069 turns).

galech the Skirmisher (Demonspawn Fighter)          Turns: 2069, Time: 00:02:57

Health: -4/41      AC:  6    Str: 21    XL:     5   Next: 7%
Magic:  5/5        EV:  5    Int:  9    God:
Gold:   136        SH: 17    Dex: 16    Spells: 4/4 levels left

rFire    . . .     SeeInvis .   a - +0 war axe
rCold    . . .     Gourm    .   n - +0 large shield
rNeg     . . .     Faith    .   b - +0 scale mail
rPois    .         Spirit   .   (helmet restricted)
rElec    .         Reflect  +   (no cloak)
rCorr    .         Harm     .   (no gloves)
MR       .....                  (no boots)
Stlth    +.........             k - +3 amulet of reflection
HPRegen  0.13/turn              (no ring)
MPRegen  0.09/turn              (no ring)

@: mighty
A: horns 1, thin skeletal structure 1
a: no special abilities


You were on level 3 of the Dungeon.
You were not hungry.

You visited 1 branch of the dungeon, and saw 3 of its levels.

You collected 136 gold pieces.

Inventory:

Hand Weapons
 a - a +0 war axe (weapon)
Armour
 b - a +0 scale mail (worn)
 n - a +0 large shield (worn)
Jewellery
 h - an uncursed amulet of magic regeneration
 k - a +3 amulet of reflection (around neck)
Scrolls
 e - 2 scrolls of remove curse {unknown}
 i - a scroll of enchant armour {unknown}
 j - 3 scrolls of identify {unknown}
 l - 3 scrolls of teleportation {unknown}
 m - a scroll of enchant weapon {unknown}
 t - 2 scrolls of fog {unknown}
 v - a scroll of magic mapping {unknown}
 w - a scroll of noise {unknown}
Potions
 c - a potion of berserk rage {unknown}
 o - 2 potions of flight {unknown}
 p - a potion of heal wounds {unknown}
 q - a potion of mutation {unknown}
 r - 2 potions of magic {unknown}
 s - a potion of agility {unknown}
 u - 2 potions of curing {unknown}
Comestibles
 f - 7 rations
 g - 3 chunks of flesh


   Skills:
 + Level 3.6 Fighting
 + Level 3.1 Axes
 + Level 3.4 Armour
 + Level 0.3 Dodging
 + Level 3.3 Shields


You had 4 spell levels left.
You didn't know any spells.
Your spell library was empty.

Dungeon Overview and Level Annotations

Branches:
Dungeon (3/15)

Altars:


Innate Abilities, Weirdness & Mutations

You have a pair of small horns on your head.
You have a somewhat thin skeletal structure. (Dex +2, Stealth)


Message History

The orc wizard is almost dead.
You hit the orc priest. You block the orc wizard's attack.
The orc priest barely misses you.
The orc wizard gestures wildly while chanting.
The orc wizard blinks!
The orc wizard hits you with a +0 dagger.
You feel very mighty all of a sudden. You block the orc priest's attack.
The orc wizard hits you with a +0 dagger.
You closely miss the orc priest.
The orc priest is moderately wounded.
You barely miss the orc wizard.
The orc priest calls down the wrath of Beogh upon you.
Beogh smites you!
* * * LOW HITPOINT WARNING * * *
The orc wizard hits you with a +0 dagger.
* * * LOW HITPOINT WARNING * * *
The orc priest invokes the aid of Beogh against you.
Beogh smites you!
You die...

...#.##.####.....##
..#..##.# ##.....####
###.###.# ##.........###
##.# #.###...###......#
##..#
#.##..ยง#####......
#..## #.##.......)......
..#####.#...o.........##
.####............o......
...............o@.......
.####.................#.
........####...<......#
.##+#.### #..........#
## #. #........?.# #.
############


You could see an orc priest and 2 orc wizards.

Vanquished Creatures
  An orc wizard (D:3)
  A gnoll (D:1)
  3 adders
  An ooze (D:1)
  A worm (D:2)
  2 dart slugs
  2 leopard geckos
  5 orcs
  5 giant cockroaches
  8 goblins
  3 hobgoblins
  6 jackals
  5 kobolds
  A quokka (D:2)
  A ball python (D:3)
  9 bats
  A frilled lizard (D:1)
  A quokka skeleton (D:3)
  8 rats
64 creatures vanquished.

Notes
Turn   | Place    | Note
-------+----------+-------------------------------------------
     0 | D:1      | galech the Demonspawn Fighter began the quest for the Orb.
     0 | D:1      | Reached XP level 1. HP: 18/18 MP: 1/1
    92 | D:1      | Gained mutation: You have a somewhat thin skeletal
                  | structure. (Dex +2, Stealth) [demonic ancestry]
    92 | D:1      | Reached XP level 2. HP: 24/24 MP: 2/2
   332 | D:1      | Reached XP level 3. HP: 18/29 MP: 3/3
  1023 | D:2      | Gained mutation: You have a pair of small horns on your
                  | head. [demonic ancestry]
  1023 | D:2      | Reached XP level 4. HP: 23/35 MP: 4/4
  1998 | D:3      | Reached XP level 5. HP: 36/41 MP: 5/5
  2069 | D:3      | Killed from afar by an orc priest

Vault maps used:
D:1:      minmay_arrival_five_plusses
D:2:      first_ration
D:3:      bh_chokoban, st_stairs_14, kennysheep_nondescript

Skill      XL: |  1  2  3  4 |
---------------+-------------+-----
Armour         | 3 |  3.4
Axes           | 2 3 |  3.1
Shields        | 3 |  3.3
Fighting       | |  3.6
Dodging        | |  0.3

Action                   |  1- 3 |  4- 6 || total
-------------------------+-------+-------++-------
Melee: War axe           |   120 |    76 ||   196
       Headbutt          |       |     7 ||     7
  Use: Potion            |       |     1 ||     1
  Eat: Chunk             |     1 |     3 ||     4
Armor: Scale mail        |    43 |    40 ||    83
Dodge: Dodged            |    27 |    23 ||    50
Block: Shield            |    30 |       ||    30
       Large shield      |    84 |    95 ||   179
       Reflection        |       |     2 ||     2

Table legend:
 A = Non-vault XP
 B = Vault XP
 C = Vault XP percentage of total XP
 D = Non-vault monster count
 E = Vault monster count
 F = Vault count percentage of total count
                 A         B        C        D         E       F
            +---------+---------+-------+---------+---------+-------
      Total |     209 |       0 |   0.0 |      64 |       0 |   0.0
            +---------+---------+-------+---------+---------+-------
        D:1 |      58 |       0 |   0.0 |      24 |       0 |   0.0
        D:2 |      69 |       0 |   0.0 |      28 |       0 |   0.0
        D:3 |      82 |       0 |   0.0 |      12 |       0 |   0.0
            +---------+---------+-------+---------+---------+-------
